 Dungeon Crawl Stone Soup version 0.30.0-5-g1a98f26d00 (webtiles) character file.

Game seed: 14514727576695297674

539 karkarkar the Chucker (level 7, -10/68 HPs)
             Began as an Ogre Gladiator on May 12, 2023.
             Was an Initiate of Ashenzari.
             Mangled by a wraith (14 damage)
             ... on level 5 of the Dungeon.
             The game lasted 00:13:02 (3945 turns).

karkarkar the Chucker (Ogre Gladiator)              Turns: 3945, Time: 00:13:03

Health: -10/68     AC:  3    Str: 21    XL:     7   Next: 26%
Magic:  7/7        EV: 10    Int:  9    God:    Ashenzari [......]
Gold:   176        SH:  0    Dex: 10    Spells: 6/6 levels left

rFire   . . .        j - +1 flail (holy)
rCold   . . .        (no shield)
rNeg    . . .        b - +0 robe
rPois   .            c - +0 hat
rElec   .            (no cloak)
rCorr   .            (gloves unavailable)
SInv    .            (boots unavailable)
Will    .....        (no amulet)
Stlth   +            (no ring)
HPRegen 0.31/turn    (no ring)
MPRegen 0.10/turn

%: no passive effects
@: lethally poisoned (-10 -> -14)
A: large, unfitting armour, tough skin 1
a: Renounce Religion, Curse Item


You were on level 5 of the Dungeon.
You worshipped Ashenzari.
Ashenzari was noncommittal.
You visited 1 branch of the dungeon, and saw 5 of its levels.
You also visited: Sewer.

You collected 204 gold pieces.
You spent 28 gold pieces at shops.

Inventory:

Hand Weapons
 a - a +0 war axe
 f - a +1 whip of freezing
 j - a +1 flail of holy wrath (weapon)
Missiles
 d - 2 throwing nets
 i - a curare-tipped dart
 l - 6 poisoned darts
 q - a large rock
Armour
 b - a +0 robe (worn)
 c - a +0 hat (worn)
Wands
 n - a wand of flame (10) (quivered)
Scrolls
 g - 2 scrolls of amnesia
 h - a scroll of enchant armour
 m - a scroll of magic mapping
 r - a scroll of identify
Potions
 e - a potion of curing
 k - 2 potions of flight
 o - a potion of might {unknown}


   Skills:
 + Level 3.9 Fighting
 + Level 3.8(4.5) Axes
 + Level 3.1(3.9) Maces & Flails
 * Level 4.9 Throwing
 + Level 3.6 Dodging
 + Level 0.7 Stealth
 + Level 0.2 Evocations


You had 6 spell levels left.
You didn't know any spells.
Your spell library contained the following spells:

 Spells                   Type           Power      Damage    Failure   Level
 Frozen Ramparts          Ice            0%         1d1       77%         3
 Ice Form                 Ice/Tmut       0%         N/A       99%         4
 Summon Ice Beast         Ice/Summ       0%         N/A       99%         4
 Alistair's Intoxication  Tmut/Pois      0%         N/A       100%        5
 Borgnjor's Vile Clutch   Necr/Erth      0%         N/A       100%        5
 Eringya's Noxious Bog    Tmut/Pois      0%         N/A       100%        6


Dungeon Overview and Level Annotations

Branches:
Dungeon (5/15)             Temple (0/1) D:4           Sewer (visited)

Altars:
Ashenzari

Shops:
D:1 ?=   D:2 [


Innate Abilities, Weirdness & Mutations

You are too large for most types of armour.
You have tough skin. (AC +1)


Message History

The gnoll shouts!
There is a stone staircase leading up here.
Okay, then.
Okay, then.
Aiming: Throw Flame
Press: ? - help, Q - select action, (/) - cycle Shift-Dir - straight line, f - wraith
Aim: a wraith (68% to hit)
The puff of flame hits the wraith but does no damage.
The wraith closely misses you. The gnoll hits you with a +0 flail.
The adder barely misses you. The gnoll closely misses you. The wraith hits you!
The puff of flame hits the wraith.
The wraith is lightly damaged.
The gnoll shouts!
You hear a shout!
The adder closely misses you. The adder barely misses you.
The gnoll misses you. The wraith closely misses you.
The gnoll hits you from afar with a +0 spear!
You are too injured to fight recklessly!
You are too injured to fight recklessly!
You are too injured to fight recklessly!
You barely miss the wraith.
The wraith is lightly damaged.
You feel yourself speed up. The adder bites you. The wraith hits you.
The gnoll hits you with a +0 flail.
* * * LOW HITPOINT WARNING * * *
The adder bites you.
* * * LOW HITPOINT WARNING * * *
You are poisoned.
The adder poisons you! The gnoll misses you.
The wraith hits you but does no damage. The gnoll hits you with a +0 flail!
* * * LOW HITPOINT WARNING * * *
The adder misses you. The gnoll closely misses you.
The gnoll hits you from afar with a +0 spear.
* * * LOW HITPOINT WARNING * * *
A gnoll comes into view. It is wielding a +3 spear.
The gnoll shouts!
You hit the wraith but do no damage.
The wraith is lightly damaged.
* * * LOW HITPOINT WARNING * * *
You feel sick. The wraith hits you!
You die...

.........#.....
.##.....##.....(.
..
...............##.
..................
.#...............#
.#..............#
..........###..
........W.....#
......g@S.....#
........g######
......#.gg#
......#...# .....
##... ....g #...
.... .... ....
.#...


You could see a wraith, 5 gnolls and an adder.

Vanquished Creatures
  An ogre (D:4)
  2 kobold brigands (Sewer)
  A hound (D:4)
  An orc priest (D:3)
  A gnoll bouda (D:4)
  An iguana (D:4)
  2 orc wizards (D:4)
  2 adders
  2 gnolls (D:4)
  2 river rats (Sewer)
  3 worms (D:2)
  A dart slug (D:2)
  7 orcs
  10 ball pythons
  4 endoplasms
  3 giant cockroaches
  6 goblins
  7 hobgoblins
  3 jackals (Sewer)
  5 quokkas
  A bat (D:1)
  3 frilled lizards
  8 kobolds
  4 rats
80 creatures vanquished.

Notes
Turn   | Place    | Note
-------+----------+-------------------------------------------
     0 | D:1      | karkarkar the Ogre Gladiator began the quest for the Orb.
     0 | D:1      | Reached XP level 1. HP: 22/22 MP: 1/1
     4 | D:1      | Found Orefasch's Magic Scroll Emporium.
   234 | D:1      | Found Arabyes's Jewellery Shop.
   261 | D:1      | Bought a scroll of identify for 28 gold pieces
   350 | D:1      | Reached XP level 2. HP: 22/29 MP: 2/2
   788 | D:2      | Found Neyruxe's Armour Shop.
   799 | D:2      | Reached XP level 3. HP: 36/36 MP: 3/3
   809 | D:2      | Found a faded altar of an unknown god.
   812 | D:2      | Prayed at the altar of an unknown god.
   812 | D:2      | Became a worshipper of Ashenzari the Shackled
  1490 | D:3      | Reached skill level 1 in Maces & Flails
  1490 | D:3      | Reached XP level 4. HP: 5/45 MP: 4/4
  1847 | D:3      | You fall into a shaft and drop 1 floor!
  1897 | D:4      | Found a glowing drain.
  1906 | Sewer    | Entered a sewer
  1912 | Sewer    | Reached skill level 3 in Throwing
  1921 | Sewer    | Reached XP level 5. HP: 9/53 MP: 5/5
  2129 | Sewer    | Noticed a kobold brigand
  2146 | Sewer    | Noticed a kobold brigand
  2157 | Sewer    | Killed a kobold brigand
  2179 | Sewer    | Killed a kobold brigand
  2180 | Sewer    | Reached skill level 4 in Throwing
  2180 | Sewer    | Reached XP level 6. HP: 17/61 MP: 6/6
  2416 | Sewer    | Found a glowing silver altar of Zin.
  2653 | D:4      | Found a staircase to the Ecumenical Temple.
  3415 | D:5      | Entered Level 5 of the Dungeon
  3593 | D:4      | HP: 2/62 [orc/+0 mace (4)]
  3594 | D:4      | Reached XP level 7. HP: 2/68 MP: 7/7
  3807 | D:5      | Noticed a wraith
  3945 | D:5      | Mangled by a wraith

Illustrated notes

Levels and vault maps discovered:
D:1:      psy_arrival_basics, layout_basic, serial_shops,
          nicolae_shop_waterfront, shop_fountains, item_on_display_a
D:2:      layout_loops_cross, chequers_ecumenical_altar_simple, serial_shops,
          nicolae_shop_window_shopping
D:3:      layout_loops_ring, nicolae_hepliaklqana_hippocampus,
          grunt_decor_mini_mirrors
D:4:      layout_basic, minmay_temple_entry_hall, portal_sewer_entry_d,
          kennysheep_windowed_goal
D:5:      layout_cave_pools, led_xom_imps, amethyst_killhole

Skill      XL: |  1  2  3  4  5  6 |
---------------+-------------------+-----
Dodging        | 3 |  3.6
Fighting       | 3 |  3.9
Maces & Flails | 1 2 3 |  3.1
Throwing       | 3 4 |  4.9
Axes           | |  3.8
Stealth        | |  0.7
Evocations     | |  0.2

Action                     |  1- 3 |  4- 6 |  7- 9 || total
---------------------------+-------+-------+-------++-------
  Melee: Whip              |    61 |    96 |       ||   157
         War axe           |     6 |       |       ||     6
         Flail             |       |    28 |    19 ||    47
  Throw: Large rock        |     7 |     5 |       ||    12
         Boomerang         |    10 |    14 |       ||    24
         Throwing net      |     1 |     3 |       ||     4
         Dart              |       |    12 |       ||    12
  Evoke: Wand              |       |     6 |     2 ||     8
    Use: Scroll            |     4 |     4 |     1 ||     9
         Potion            |       |     3 |     2 ||     5
   Stab: Sleeping          |     1 |       |       ||     1
 Armour: Robe              |     9 |    19 |    12 ||    40
  Dodge: Dodged            |    32 |    52 |    41 ||   125
